AoeStats
← eltomooo

Arabia

505762427Analyzed
4v4 RM · 20d ago on Sep 10, 2026· 28m 36s· 8 players
Game mode
Random Map
Map size
Large (8 player)
Population
200
Speed
Normal
Resources
Standard
Victory
Conquest
Starting age
Dark Age
Ending age
Imperial Age
RankedLock teamsTeams togetherTeam positionsShared explorationLock speedFull tech treeHidden civsTurbo modeCheats
Victory
Defeat
🇲🇽 Persians · Mexico
1347
+17
🇲🇽 Magyars · Mexico
1342
+17
🇨🇱 Vietnamese · Chile
1329
+18
🇲🇽 Mongols · Mexico
1319
+18
🇦🇷 Persians · Argentina
1416
-19
🇨🇳 Huns · China
1393
-20
🇦🇷 Vietnamese · Argentina
1326
-16
🇧🇷 Huns · Brazil
1318
-15
Niccals_
7:07 Loom
9:46 Feudal Age
12:01 Double-Bit Axe
12:21 Gold Mining
13:21 Fletching
14:27 Padded Archer Armor
24:49 Wheelbarrow
27:36 Castle Age
27:37 Crossbowman
28:36 Bodkin Arrow
29:00 Leather Archer Armor
Manee
5:40 Loom
8:33 Feudal Age
9:25 Double-Bit Axe
9:54 Town Watch
17:39 Horse Collar
18:20 Bloodlines
18:50 Scale Barding Armor
27:32 Castle Age
27:05 Gold Mining
27:38 Light Cavalry
29:01 Chain Barding Armor
Youtube Nimro7
0:27 Loom
9:22 Feudal Age
9:53 Double-Bit Axe
15:15 Fletching
17:31 Padded Archer Armor
20:20 Wheelbarrow
19:59 Gold Mining
24:31 Castle Age
25:41 Hand Cart
25:22 Bodkin Arrow
24:49 Crossbowman
29:08 Bow Saw
ObsiDiana
5:26 Loom
8:24 Feudal Age
8:53 Double-Bit Axe
17:33 Scale Barding Armor
19:37 Horse Collar
22:03 Wheelbarrow
24:54 Castle Age
23:43 Bloodlines
25:33 Forging
24:48 Light Cavalry
27:49 Chain Barding Armor
28:57 Town Watch
Kaiser
6:34 Loom
8:59 Feudal Age
15:36 Double-Bit Axe
16:43 Fletching
18:37 Horse Collar
20:14 Wheelbarrow
20:07 Gold Mining
24:21 Castle Age
23:39 Padded Archer Armor
25:09 Thumb Ring
26:17 Gold Shaft Mining
25:28 Crossbowman
27:41 Bodkin Arrow
eltomooo
6:54 Loom
9:28 Feudal Age
11:00 Double-Bit Axe
16:18 Town Watch
17:56 Fletching
20:32 Padded Archer Armor
27:19 Castle Age
26:12 Gold Mining
26:03 Horse Collar
27:22 Crossbowman
28:09 Bodkin Arrow
felixaleman1010
6:22 Loom
8:53 Feudal Age
9:18 Double-Bit Axe
9:43 Horse Collar
16:11 Forging
18:51 Scale Barding Armor
19:44 Bloodlines
29:07 Castle Age
Anil
10:31 Feudal Age
11:05 Horse Collar
12:33 Bloodlines
22:20 Loom
25:45 Forging
26:19 Scale Barding Armor
Connection lost

Rejoining the realm…

Still unreachable

The connection could not be restored.

Session expired

The server has moved on; the page needs a fresh start.